 Dungeon Crawl Stone Soup version 0.28.0-1-gb440e238dd (webtiles) character file.

Game seed: 13042994666052089195

1130 fknight the Skirmisher (level 8, -9/71 HPs)
             Began as a Hill Orc Fighter on Feb 27, 2022.
             Mangled by an ogre (13 damage)
             ... on level 6 of the Dungeon.
             The game lasted 00:17:47 (6422 turns).

fknight the Skirmisher (Hill Orc Fighter)           Turns: 6422, Time: 00:17:47

Health: -9/71      AC: 13    Str: 21    XL:     8   Next: 36%
Magic:  8/8        EV:  7    Int:  8    God:
Gold:   343        SH:  5    Dex: 10    Spells: 7/7 levels left

rFire   . . .      SeeInvis .   a - +0 war axe
rCold   . . .      Faith    .   c - +0 buckler
rNeg    . . .      Spirit   .   I - +0 chain mail
rPois   .          Reflect  .   x - +1 helmet
rElec   .          Harm     .   (no cloak)
rCorr   .          Rampage  .   (no gloves)
Will    .....                   u - +0 pair of boots
Stlth   ..........              (no amulet)
HPRegen 0.21/turn               (no ring)
MPRegen 0.11/turn               (no ring)

@: on berserk cooldown, slowed, very slow
A: no striking features
a: no special abilities


You were on level 6 of the Dungeon.
You visited 2 branches of the dungeon, and saw 7 of its levels.

You collected 343 gold pieces.

Inventory:

Hand Weapons
 a - a +0 war axe (weapon)
 g - a +0 dagger of electrocution
 k - a +0 spear
 q - a +0 shortbow
 v - a +0 spear
 z - a +0 dagger of draining
 C - a +1 whip of venom
 J - a +0 flail
Missiles
 d - 7 poisoned darts
 e - 2 curare-tipped darts
 h - 222 stones (quivered)
 j - 2 silver javelins
 p - 46 sling bullets
 r - 12 arrows
 w - 6 atropa-tipped darts
 y - 7 boomerangs
Armour
 b - a +0 scale mail
 c - a +0 buckler (worn)
 i - a +2 robe of resistance
 u - a +0 pair of boots (worn)
 x - a +1 helmet (worn)
 A - a scarf of harm
 I - a +0 chain mail (worn)
Jewellery
 B - an amulet of magic regeneration
Wands
 E - a wand of charming (7)
 G - a wand of polymorph (7)
Scrolls
 l - 2 scrolls of teleportation
 K - a scroll of fog
Potions
 f - 2 potions of curing
 m - a potion of berserk rage
 n - a potion of resistance {unknown}
 o - 2 potions of lignification
 s - 2 potions of magic
 t - 2 potions of brilliance
 D - a potion of ambrosia {unknown}
 F - a potion of flight {unknown}
 H - a potion of heal wounds {unknown}


   Skills:
 + Level 6.8 Fighting
 + Level 6.8 Axes
 + Level 6.2 Armour
 + Level 6.2 Shields


You had 7 spell levels left.
You didn't know any spells.
Your spell library was empty.

Dungeon Overview and Level Annotations

Branches:
Dungeon (6/15)             Temple (1/1) D:5

Altars:
Ashenzari
Cheibriados
Dithmenos
Elyvilon
Fedhas
Gozag
Hepliaklqana
Kikubaaqudgha
Makhleb
Nemelex Xobeh
Okawaru
Qazlal
Ru
Sif Muna
Trog
Uskayaw
Vehumet
Wu Jian
Xom
Yredelemnul
Zin
The Shining One

Shops:
D:4 *


Message History

You destroy the wight!
You slash the wight! You barely miss the hound.
You hear the slow rusting of a drain nearby.
You block the hound's attack. The wight hits you but does no damage.
You slash the wight!
You destroy the wight!
You closely miss the hound. The hound bites you.
* * * LOW HITPOINT WARNING * * *
The wight hits you but does no damage.
An ogre comes into view. It is wielding a +0 giant club.
The hound bites you but does no damage. The wight closely misses you.
Things that are here:
a +2 dagger; a +0 robe You barely miss the wight.
You barely miss the hound. The hound bites you but does no damage.
You block the hound's attack. The wight hits you but does no damage.
You barely miss the wight. You slash the hound!
You kill the hound!
The wight hits you but does no damage.
You closely miss the wight. You slice the wight!!
You destroy the wight!
Your life force feels restored.
You barely miss the ogre. The ogre barely misses you.
You slash the ogre!
The ogre is moderately wounded.
You barely miss the ogre.
The ogre is moderately wounded.
The ogre hits you with a +0 giant club!
* * * LOW HITPOINT WARNING * * *
Things that are here:
a +0 flail; a +0 robe You feel a strong urge to attack something.
You are no longer berserk.
You are exhausted.
You feel yourself slow down.
You see here a +0 hand axe.
The ogre barely misses you. The ogre hits you with a +0 giant club!
You die...

#......)##.##§§.#
#. ###)[.#§§#.# #.#
#.).##..##.#
#..###.###.<##..# #
#...)...........
..#
#####.....#########
#...##.....>##...#
#..............#
#....@O...###....
....##.##..## #####
. ... ....#
##..##....# ..#
#..#.# ... ...#.#
..#. ..##.. #....
.. #


You could see an ogre.

Vanquished Creatures
  A sky beast (D:5)
  3 ogres (D:4)
  A necrophage (D:5)
  A centaur (D:5)
  Blork the orc (D:4)
  A water moccasin zombie (D:5)
  A scorpion (D:5)
  3 wights (D:6)
  4 hounds
  9 adders
  3 worms (D:3)
  A dart slug (D:4)
  16 orcs
  5 endoplasms
  2 giant cockroaches
  9 goblins
  3 hobgoblins
  3 jackals (D:2)
  9 ball pythons
  4 bats
  5 frilled lizards
  5 kobolds (D:2)
  3 rats
93 creatures vanquished.

Notes
Turn   | Place    | Note
-------+----------+-------------------------------------------
     0 | D:1      | fknight the Hill Orc Fighter began the quest for the Orb.
     0 | D:1      | Reached XP level 1. HP: 19/19 MP: 1/1
   276 | D:1      | Reached XP level 2. HP: 22/27 MP: 2/2
   450 | D:1      | Found a faded altar of an unknown god.
  1052 | D:2      | Reached XP level 3. HP: 32/33 MP: 3/3
  1625 | D:2      | Reached XP level 4. HP: 29/41 MP: 4/4
  2700 | D:3      | Found a basalt altar of Yredelemnul.
  3024 | D:3      | Found an ornate altar of the Wu Jian Council.
  3114 | D:3      | Reached XP level 5. HP: 36/47 MP: 5/5
  3481 | D:4      | Noticed an ogre
  3494 | D:4      | Killed an ogre
  3495 | D:4      | Reached skill level 5 in Fighting
  3495 | D:4      | Reached XP level 6. HP: 46/56 MP: 6/6
  3774 | D:4      | Reached skill level 5 in Axes
  3774 | D:4      | Reached skill level 5 in Armour
  3774 | D:4      | Reached skill level 5 in Shields
  3852 | D:4      | Found Ximue's Lightly-Used Armoury.
  4395 | D:4      | Reached XP level 7. HP: 61/61 MP: 7/7
  4640 | D:4      | Noticed Blork the orc
  4649 | D:4      | Killed Blork the orc
  4921 | D:5      | Entered Level 5 of the Dungeon
  5563 | D:5      | Reached XP level 8. HP: 71/71 MP: 8/8
  5667 | D:5      | Found a staircase to the Ecumenical Temple.
  5694 | Temple   | Entered the Ecumenical Temple
  6414 | D:6      | HP: 4/106 [ogre (12)]
  6422 | D:6      | Mangled by an ogre

Illustrated notes

Levels and vault maps discovered:
D:1:      sevenhm_arrival_forest_fort_large_2, layout_loops_ring,
          basic_ecumenical_altar, minmay_misc_feat_alley
D:2:      layout_rooms, minmay_misc_feat_tiny, minmay_heptomino_o4
D:3:      layout_basic, old_standard_altar, nicolae_wu_jian_immortal_techniques,
          kennysheep_path_1, minmay_misc_feat_roman, minmay_increasing_density
D:4:      layout_basic, minmay_shop_damaged, grunt_ministairs_11,
          feat_on_display, uniq_blork_the_orc
D:5:      layout_loops_cross, minmay_temple_entry_stoned_glass
D:6:      layout_rooms, gup_sewer_entry_pipe, minmay_fractal_squares_diagonal_5
Temple:   mainiacjoe_temple_cubbyholes

Skill      XL: |  1  2  3  4  5  6  7  8 |
---------------+-------------------------+-----
Axes           | 3 4 5 6 |  6.8
Fighting       | 4 5 6 |  6.8
Armour         | 4 5 6 |  6.2
Shields        | 4 5 6 |  6.2

Action                   |  1- 3 |  4- 6 |  7- 9 || total
-------------------------+-------+-------+-------++-------
Melee: War axe           |    69 |   108 |   110 ||   287
Throw: Stone             |    27 |    15 |     4 ||    46
       Dart              |       |    11 |       ||    11
  Use: Scroll            |       |     5 |     7 ||    12
       Potion            |       |     1 |     1 ||     2
 Stab: Invisible         |       |     1 |       ||     1
Armor: Scale mail        |    36 |    54 |    38 ||   128
       Chain mail        |       |       |    38 ||    38
Dodge: Dodged            |    37 |    61 |    43 ||   141
Block: Buckler           |    17 |    24 |    39 ||    80
